Unix NetHack Version 3.7.0-102 Work-in-progress - last build Apr 6 2024 13:22:21 (d302a6a9ff6341f1a922d8f5af178406b35fdf99,branch:master). Game began 2024-05-02 12:53:47, ended 2024-05-02 13:32:46. farfar, lawful female human Valkyrie ------------ ----------- |..........| |[))))..).| |..........| |))))[..])| |..........| |..)))[[)[| |..........| |....)....| |.........{| -|--------- |..........| ( # --.--------- # #%##### # ## ## #### ## ## ####### ######)####################) ### ### # --.-|--- -----.-.---- -|-----|---- ## # ####-%.....| |......oo..| ####....+......| ### # |<.....| |.......@..| ### |..........| -.--|-- ##### .......| |...........## |..........| |.....| ##### -------- |..........| ------------ |......##### ------------ ------- Farfar the Skirmisher St:18/02 Dx:11 Co:15 In:7 Wi:10 Ch:9 Lawful S:1123 Dlvl:4 $:69 HP:0(41) Pw:10(10) AC:6 Xp:5/221 T:1683 Latest messages: You start bashing it with your spear. You succeed in forcing the lock. In fact, you've totally destroyed the large box. You see here a scroll labeled VAS CORP BET MANI. You have a little trouble lifting F - a scroll labeled VAS CORP BET MANI. What do you want to read? [mnstxyDF or ?*] You begin to memorize the runes. You learn the "cure blindness" spell. What do you want to drop? [$a-ce-ik-or-yA-DF or ?*] You drop a spellbook of cure blindness. Your movements are now unencumbered. You see here a chest. Hmmm, the chest turns out to be locked. # There is a locked chest here; force its lock? [ynq] (q) You start bashing it with your spear. You succeed in forcing the lock. In fact, you've totally destroyed the chest. A wand is destroyed! A scroll is torn to shreds! You hear water falling on coins. G - a scroll called identify. H - a red gem. What do you want to read? [mntxyDFG or ?*] As you read the scroll, it disappears. This is an identify scroll. f - an uncursed +0 plate mail. What do you want to wear? [fir or ?*] The hill orc wields a scimitar! The hill orc swings his scimitar. The hill orc hits! You finish your dressing maneuver. What do you want to take off? [cf or ?*] The hill orc swings his scimitar. The hill orc hits! The hill orc swings his scimitar. The hill orc hits! The hill orc swings his scimitar. The hill orc misses! The hill orc hits! The hill orc swings his scimitar. The hill orc hits! The hill orc hits! You finish taking off your mail. What do you want to wear? [fir or ?*] The hill orc swings his scimitar. The hill orc hits! You die... Do you want your possessions identified? [ynq] (y) Do you want to see your attributes? [ynq] (y) Inventory: Coins $ - 69 gold pieces Weapons b - a +0 dagger (alternate weapon; not wielded) a - a blessed +1 spear (weapon in left hand) Armor i - an uncursed +1 orcish helm r - a cursed -1 pair of fumble boots c - an uncursed +3 small shield (being worn) f - an uncursed +0 plate mail (being donned) Comestibles A - 2 uncursed food rations Scrolls x - an uncursed scroll of confuse monster F - an uncursed scroll of fire m - an uncursed scroll of food detection D - a cursed scroll of remove curse n - an uncursed scroll of teleportation Spellbooks y - an uncursed spellbook of create monster t - a blessed spellbook of slow monster Potions l - an uncursed potion of acid g - 2 uncursed potions of healing C - 2 uncursed potions of invisibility Wands h - a wand of cold named cold (0:3) Tools e - an uncursed oil lamp o - a cursed tin whistle Gems/Stones w - an uncursed amber stone B - 2 cursed worthless pieces of orange glass H - an uncursed worthless piece of red glass u - an uncursed worthless piece of white glass v - an uncursed worthless piece of yellowish brown glass k - a cursed worthless piece of yellowish brown glass Farfar the Valkyrie's attributes: Background: You were a Skirmisher, a level 5 human Valkyrie. You were lawful, nominally on a mission for Tyr who was opposed by Odin (neutral) and Loki (chaotic). You were left-handed. You were in the Dungeons of Doom, on level 4. You entered the dungeon 1683 turns ago. You had 221 experience points, 99 more were needed to attain level 6. Your score was 1123 before end-of-game adjustments. Basics: You had 0 out of 41 hit points. You had all 10 energy points (spell power). Your armor class was -1. Your wallet contained 69 zorkmids. Autopickup was off. Final Characteristics: Your strength was 18/02 (limit:18/100). Your dexterity was 11 (limit:18). Your constitution was 15 (peak:18, limit:18). Your intelligence was 7 (limit:18). Your wisdom was 10 (limit:18). Your charisma was 9 (limit:18). Final Status: You weren't hungry. You were unencumbered. You were wielding a spear. You had basic skill with spear. Final Attributes: You were devoutly aligned. You were cold resistant. You were telepathic. You were stealthy. You were guarded. You are dead. Miscellaneous: You encountered 1 bones level. Total elapsed playing time was 38 minutes and 57 seconds. Major events: Turn 1: farfar the lawful human Valkyrie entered the dungeon 373: attained the rank of Skirmisher (level 3) 1683: killed by a hill orc, while dressing up Vanquished creatures: a small mimic a rock mole a pony a gnome leader a little dog a floating eye a kitten a homunculus a wererat 2 iguanas an acid blob a gas spore 3 large kobolds a cave spider a yellow mold 5 geckos a jackal a goblin 2 sewer rats a grid bug 3 bats 3 lichens 2 kobold zombies 3 newts 39 creatures vanquished. No species were genocided or became extinct. Voluntary challenges: You were an atheist. You read items or engraved 3 times. You never engraved Elbereth. You never genocided any monsters. You never polymorphed an object. You never changed form. You used no wishes. Achievements: You attained the rank of Skirmisher. You entered a shop. The Dungeons of Doom: levels 1 to 4 Level 1: Some fountains. Level 2: A fountain, a sink. Level 3: A fountain. Level 4: <- You were here. A fountain, a grave. Final resting place for you, killed by a hill orc, while dressing up, wisp-Arc-Hum-Fem-Neu, killed by a small mimic. Game over: ---------- / \ / REST \ / IN \ / PEACE \ / \ | farfar | | 69 Au | | killed by a hill | | orc | | | | | | 2024 | *| * * * | * _________)/\\_//(\/(/\)/\//\/|_)_______ Farvel farfar the Valkyrie... You died in The Dungeons of Doom on dungeon level 4 with 1117 points, and 69 pieces of gold, after 1683 moves. You were level 5 with a maximum of 41 hit points when you died.